 Dungeon Crawl Stone Soup version 0.31-a0-538-gbc85326fa9 (webtiles) character file.

Game seed: 15282345862598060403

2139 Twinkles the Ruffian (level 9, -2/61 HPs)
             Began as an Octopode Shapeshifter on Aug 12, 2023.
             Was a Believer of Trog.
             Succumbed to Grum's poison
             ... on level 7 of the Dungeon on Aug 13, 2023.
             The game lasted 00:33:52 (9127 turns).

Twinkles the Ruffian (Octopode Shapeshifter)        Turns: 9127, Time: 00:33:52

Health: -2/61      AC:  1    Str: 18    XL:     9   Next: 30%
Magic:  9/9        EV: 13    Int: 11    God:    Trog [**....]
Gold:   450        SH:  0    Dex: 12    Spells: 8/8 levels left

rFire   . . .        a - melded +1 dagger (venom)
rCold   + . .        (shield currently unavailable)
rNeg    . . .        (helmet restricted)
rPois   .            r - amulet of magic regeneration
rElec   .            n - ring of willpower
rCorr   .            t - ring of protection from cold
SInv    .            (no ring)
Will    +....        (no ring)
Stlth   ++           (no ring)
HPRegen 0.30/turn    (no ring)
MPRegen 0.51/turn    (no ring)
                     (no ring)

%: no passive effects
@: lethally poisoned (-2 -> -30), flux-form, glowing
A: glow, contaminating, almost no armour, amphibious, 8 rings, camouflage 1,
gelatinous body 1, (nimble swimmer 1), tentacles
a: Begin Untransformation, Renounce Religion, Berserk, Trog's Hand


You were on level 7 of the Dungeon.
You worshipped Trog.
Trog was pleased with you.
You were something dangerously unstable.
You visited 1 branch of the dungeon, and saw 8 of its levels.

You collected 450 gold pieces.

Inventory:

Hand Weapons
 a - a +1 dagger of venom (melded)
 b - a +0 sling
Missiles
 d - 2 throwing nets
 y - 9 poisoned darts
Jewellery
 f - a ring of willpower
 k - an amulet of reflection
 n - a ring of willpower (left tentacle)
 r - an amulet of magic regeneration (around mantle)
 t - a ring of protection from cold (right tentacle)
Talismans
 c - a flux talisman (active)
 p - a beast talisman
Wands
 e - a wand of charming (9)
 h - a wand of acid (5)
 j - a wand of polymorph (4)
Scrolls
 g - a scroll of enchant armour {unknown}
 i - 2 scrolls of immolation {unknown}
 m - 2 scrolls of revelation {unknown}
 q - a scroll of torment {unknown}
 v - 2 scrolls of enchant weapon {unknown}
 w - 2 scrolls of amnesia {unknown}
 x - 2 scrolls of poison
 D - 3 scrolls of blinking
 Z - 4 scrolls of identify
Potions
 A - a potion of attraction
 C - 3 potions of cancellation
 I - 2 potions of invisibility
 J - a potion of curing
 R - a potion of resistance


   Skills:
 + Level 5.0 Fighting
 - Level 2.5 Dodging
 + Level 6.4 Stealth
 * Level 7.9 Unarmed Combat
 + Level 6.1 Shapeshifting


You had 8 spell levels left.
You didn't know any spells.
Your spell library contained the following spells:

 Spells                   Type           Power      Damage    Failure   Level
 Kiss of Death            Conj/Necr      0%         2d5       34%         1
 Confusing Touch          Hex            0%         N/A       71%         3
 Dispel Undead            Necr           0%         3d6       98%         4


Dungeon Overview and Level Annotations

Branches:
Dungeon (8/15) Zot: 26468  Temple (0/1) D:6
   Lair: D:8-11

Altars:
Fedhas
Gozag
Hepliaklqana
Qazlal
Trog

Shops:
D:4 [   D:6 (

Annotations:
D:6 1 runed translucent door, Crazy Yiuf
D:8 Grum


Innate Abilities, Weirdness & Mutations

You are something dangerously unstable.
You glow with magical radiation, making you easy to see and hit.
Foes you strike become dangerously contaminated with magical radiation.
You are incapable of wielding weapons or throwing items.
You cannot wear most types of armour.
You are amphibious.
You can wear up to eight rings at the same time.
Your skin changes colour to match your surroundings (Stealth+).
Your rubbery body absorbs attacks. (AC +1, EV +1)
((You are camouflaged when in or above water. (Stealth+)))
You have tentacles for arms and can constrict up to eight enemies at once.


Message History

Press ? for a list of commands and other information. 2 wolves and an orc wizard come into view.
The wolf howls!
You hear an angry growl.
You hear a shout!
A wyvern comes into view.
A wolf comes into view.
Grum the Hunter comes into view.
He is wielding a -1 spear of venom.
The wolf howls!
Things that are here:
a +0 orcbow; a centaur corpse You hear an angry hiss.
You hear a shout!
There is a stone staircase leading up, spattered with blood here. 2 orcs come into view.
An orc is wielding a +1 dagger of venom.
The orc shouts!
The gnoll bouda barks out a call to the hunt!
Grum picks up the pace!
The wyvern hisses angrily.
You hear a shout! x2
Things that are here:
a +0 orcbow; a centaur corpse You hear a shout!
You hear a howl! x2
There is a stone staircase leading up, spattered with blood here.
Grum hits you from afar with a -1 spear of venom.
You are poisoned.
You feel very sick.
Grum glances around and shouts, "Junior!
Here boy!"
Grum hits you from afar with a -1 spear of venom!
You are more poisoned.
A gnoll comes into view. It is wielding a +0 halberd.
You feel very sick. Grum closely misses you.
Things that are here:
a +0 orcbow; a centaur corpse You feel very sick.
Grum closely misses you.
There is a stone staircase leading up, spattered with blood here.
You feel very sick.
Grum hits you from afar with a -1 spear of venom!
* * * LOW HITPOINT WARNING * * *
You are more poisoned.
You climb upwards.
You die...

..≈.......#.######.#
≈.≈.......'......#.#
≈.≈.......#.####.#.#
≈.≈.....#.#.#..#.#.#
≈.≈.....#.#.#..#.#.#
≈.≈.....#.#.#..#.#.#
..≈.....#.#.#..#.#.#
≈≈≈.....#.#.#..#.#.#
........#.#.#..#B#.#
........#.#.#..#.#.#
.....<..#.#....#.#.#
....#.#.#.#....#.#.#
....#.#.#.#....#.#.#
....#.#.#.#....#.#.#
....#.#.#.#....#.#.#
....#+#.#)#....#.#.#
........#>#.#.##.#.#


There were no monsters in sight!

Vanquished Creatures
  An orc warrior (D:8)
  2 black bears (D:6)
  2 ice beasts (D:6)
  2 ogres (D:6)
  2 centaurs
  A kobold brigand (D:6)
  3 bullfrogs
  2 scorpions (D:5)
  2 howler monkeys (D:7)
  A hound (D:5)
  A jelly (D:6)
  5 orc priests
  A gnoll bouda (D:5)
  An iguana (D:6)
  Terence (D:3)
  5 sleepcaps
  Natasha (thrice) (D:4)
  4 orc wizards
  Robin (D:3)
  12 gnolls
  4 adders
  A shadow imp (D:6)
  2 ufetubi (D:5)
  2 worms
  3 dart slugs
  19 orcs
  4 bats
  4 endoplasms
  5 giant cockroaches
  10 goblins
  8 hobgoblins
  10 jackals
  3 quokkas
  3 training dummies (D:6)
  6 ball pythons
  4 frilled lizards
  14 kobolds
  7 rats
161 creatures vanquished.

Notes
Turn   | Place    | Note
-------+----------+-------------------------------------------
     0 | D:1      | Twinkles the Octopode Shapeshifter began the quest for the
                  | Orb.
     0 | D:1      | Reached XP level 1. HP: 13/13 MP: 1/1
   116 | D:1      | Reached XP level 2. HP: 11/18 MP: 2/2
   613 | D:2      | Reached XP level 3. HP: 23/23 MP: 3/3
   841 | D:2      | Reached XP level 4. HP: 28/28 MP: 4/4
  1561 | D:3      | Found a stormy altar of Qazlal.
  1857 | D:3      | Found a bloodstained altar of Trog.
  2174 | D:3      | Reached skill level 4 in Unarmed Combat
  2213 | D:3      | Reached XP level 5. HP: 28/34 MP: 5/5
  2223 | D:3      | Noticed Terence
  2466 | D:3      | Noticed Robin
  2477 | D:3      | Killed Robin
  2478 | D:3      | HP: 5/34 [hobgoblin[Robin] (7)]
  2845 | D:3      | Became a worshipper of Trog the Wrathful
  2875 | D:3      | Reached skill level 1 in Stealth
  2966 | D:3      | Killed Terence
  3007 | D:4      | Noticed Natasha
  3013 | D:4      | Killed Natasha
  3014 | D:4      | Reached XP level 6. HP: 41/41 MP: 6/6
  3187 | D:4      | Found Otenorchi's Antique Armour Shoppe.
  3366 | D:4      | Noticed Natasha
  3372 | D:4      | Killed Natasha
  3809 | D:4      | Noticed Natasha
  3816 | D:4      | Killed Natasha
  4295 | D:5      | Entered Level 5 of the Dungeon
  4664 | D:5      | Reached XP level 7. HP: 45/45 MP: 7/7
  4665 | D:5      | Reached skill level 5 in Unarmed Combat
  4760 | D:5      | Found an opulent altar of Gozag.
  5305 | D:5      | Reached skill level 5 in Shapeshifting
  5480 | D:6      | Found a staircase to the Ecumenical Temple.
  5489 | D:6      | Found Rahoaghu's Firing Range.
  5498 | D:6      | HP: 11/46 [orc/+0 dagger (4)]
  5500 | D:6      | Reached XP level 8. HP: 13/52 MP: 8/8
  5503 | D:6      | HP: 8/52 [poisoned by you (poison gas)]
  5723 | D:6      | Reached skill level 6 in Unarmed Combat
  5786 | D:6      | Reached * piety under Trog
  5853 | D:6      | Found a runed translucent door.
  5854 | D:6      | Noticed Crazy Yiuf
  5919 | D:6      | HP: 15/54 [ice beast (3)]
  6472 | D:6      | HP: 14/54 [centaur/arrow (4)]
  6477 | D:6      | HP: 15/54 [centaur (1)]
  6479 | D:6      | HP: 4/54 [centaur (7)]
  6644 | D:6      | HP: 10/54 [ogre/+0 giant club (20)]
  7189 | D:6      | Reached skill level 5 in Stealth
  7256 | D:6      | Reached skill level 7 in Unarmed Combat
  7534 | D:7      | Reached XP level 9. HP: 59/59 MP: 9/9
  7677 | D:7      | Reached ** piety under Trog
  7734 | D:7      | HP: 17/60 [poisoned by a kobold brigand (curare-tipped
                  | dart)]
  7736 | D:7      | HP: 7/60 [poisoned by a kobold brigand (curare-tipped
                  | dart)]
  8079 | D:7      | Found a blossoming altar of Fedhas.
  8089 | D:7      | Found a hazy altar of Hepliaklqana.
  8937 | D:8      | Reached skill level 5 in Fighting
  9111 | D:8      | Upgraded the game from 0.31-a0-532-g28f74ba3e5 to
                  | 0.31-a0-538-gbc85326fa9
  9111 | D:8      | Noticed Grum
  9126 | D:8      | HP: 6/61 [Grum/-1 spear of venom (17)]
  9127 | D:7      | Succumbed to Grum's poison

Illustrated notes

Levels and vault maps discovered:
D:1:      heliophobic_arrival_henge, layout_rooms, supply_closet_lemuel,
          chequers_jeans, item_on_display_a
D:2:      layout_loops_cross, minmay_ruptured
D:3:      layout_rooms, mainiacjoe_overflow_tiny_flanked, trog_antimagical,
          uniq_robin, uniq_terence
D:4:      layout_layer_cave, serial_shops, nicolae_shop_behind_doors,
          uniq_natasha
D:5:      layout_loops_cross, nicolae_gozag_cash_rules_everything_around_me
D:6:      layout_basic, minmay_temple_entry_drinking_statues,
          nicolae_shop_firing_range, uniq_crazy_yiuf_cottage
D:7:      layout_basic, lemuel_crystal_altar,
          mainiacjoe_overflow_concentric_impassable
D:8:      layout_rooms, uniq_maggie, uniq_grum

Skill      XL: |  1  2  3  4  5  6  7  8  9 |
---------------+----------------------------+-----
Fighting       | 2 3 4 5 |  5.0
Unarmed Combat | 4 5 7 |  7.9
Shapeshifting  | 4 5 6 |  6.1
Stealth        | 1 2 3 5 6 |  6.4
Dodging        | |  2.5

Action                     |  1- 3 |  4- 6 |  7- 9 || total
---------------------------+-------+-------+-------++-------
  Melee: Unarmed           |    12 |       |    92 ||   104
         Tentacles         |    11 |    32 |    55 ||    98
         Constrict         |    12 |    35 |    51 ||    98
         Dagger            |    39 |   109 |    91 ||   239
         Punch             |     1 |     3 |     2 ||     6
  Throw: Dart              |       |       |     3 ||     3
 Invoke: Berserk           |       |       |     1 ||     1
Ability: Begin Untransform |       |       |     1 ||     1
    Use: Potion            |       |     1 |     5 ||     6
         Scroll            |       |       |    12 ||    12
   Stab: Sleeping          |     6 |     7 |     3 ||    16
         Distracted        |       |     1 |       ||     1
 Armour: Skin              |     1 |    12 |     8 ||    21
  Dodge: Dodged            |    23 |    76 |   106 ||   205
   Form: Flux              |       |       |     1 ||     1

Table legend: (Time is in decaauts)
 A = Elapsed time spent in this place.
 B = Non-inter-level travel time spent in this place.
 C = Inter-level travel time spent in this place.
 D = Time resting spent in this place.
 E = Time spent auto-exploring this place.
 F = Levels seen in this place.
 G = Mean time per level.
                   A        B        C        D        E       F      G
               +--------+--------+--------+--------+--------+-----+--------+
         Total |   9164 |   8536 |    628 |   1626 |   5237 |   8 | 1145.5 |
       Dungeon |   9164 |   8536 |    628 |   1626 |   5237 |   8 | 1145.5 |
               +--------+--------+--------+--------+--------+-----+--------+

Top non-repeatable levels by time:
     D:6: 2186 daAuts
     D:7: 1443 daAuts
     D:2: 1320 daAuts
     D:4: 1287 daAuts
     D:5: 1169 daAuts
     D:3: 1168 daAuts
     D:1: 520 daAuts
     D:8: 67 daAuts
